 Dungeon Crawl Stone Soup version 0.28.0-49-g6dfe1f597d (webtiles) character file.

Game seed: 7307818637088787798

7 Exodus22XD the Covered (level 1, 20/20 HPs)
             Began as a Minotaur Fighter on May 20, 2022.
             Was a Follower of Vehumet.
             Quit the game on level 1 of the Dungeon.
             The game lasted 00:00:17 (273 turns).

Exodus22XD the Covered (Minotaur Fighter)            Turns: 273, Time: 00:00:17

Health: 20/20      AC:  7    Str: 20    XL:     1   Next: 91%
Magic:  0/0        EV:  9    Int:  5    God:    Vehumet [*.....]
Gold:   21         SH:  4    Dex:  9    Spells: 0/0 levels left

rFire   . . .      SeeInvis .   a - +0 war axe
rCold   . . .      Faith    .   c - +0 buckler
rNeg    . . .      Spirit   .   b - +0 scale mail
rPois   .          Reflect  .   (helmet restricted)
rElec   .          Harm     .   (no cloak)
rCorr   .          Rampage  .   (no gloves)
Will    .....                   (no boots)
Stlth   ..........              (no amulet)
HPRegen 0.06/turn               (no ring)
MPRegen 0.07/turn               (no ring)

@: no status effects
A: horns 2, retaliatory headbutt
a: Renounce Religion


You were on level 1 of the Dungeon.
You worshipped Vehumet.
Vehumet was aware of your devotion.
You visited 1 branch of the dungeon, and saw 1 of its levels.

You collected 21 gold pieces.

Inventory:

Hand Weapons
 a - a +0 war axe (weapon)
Armour
 b - a +0 scale mail (worn)
 c - a +0 buckler (worn)
Scrolls
 e - a scroll of identify {unknown}
Potions
 d - a potion of might
 f - a potion of curing {unknown}


   Skills:
 + Level 3.8 Fighting
 + Level 2.5 Axes
 + Level 3.8 Armour
 + Level 3.8 Shields


You couldn't memorise any spells.
You didn't know any spells.
Your spell library was empty.

Dungeon Overview and Level Annotations

Branches:
Dungeon (1/15)

Altars:
Vehumet


Innate Abilities, Weirdness & Mutations

You have a pair of horns on your head.
You reflexively headbutt those who attack you in melee.


Message History

No target in view!
You now have 21 gold pieces (gained 10).
f - a purple potion No target in view!
A bat comes into view.
The bat hits you but does no damage. The bat closely misses you.
A bat is nearby!
You closely miss the bat. The bat closely misses you.
A bat is nearby!
You block the bat's attack. The bat hits you but does no damage.
The bat hits you.
A bat is nearby!
You hit the bat.
You kill the bat!
You open the door.
A goblin comes into view. It is wielding a +0 club.
The goblin shouts!
Found a dagger.
Found a faded altar of an unknown god.
The goblin hits you but does no damage.
There is an open door here.
A goblin is nearby!
A goblin is nearby!
You hit the goblin.
The goblin is moderately wounded.
You block the goblin's attack. x2
A goblin is nearby!
You closely miss the goblin.
The goblin is moderately wounded.
The goblin misses you.
You hit the goblin.
You kill the goblin!
No target in view!
There is a faded altar of an unknown god here.
You see here a +0 dagger.
You cannot tell which god this altar belongs to.
Convert to them anyway?
Vehumet accepts your prayer! Vehumet welcomes you!
You can now gain magical power from killing.
Vehumet offers you knowledge of Shock.
Are you sure you want to abandon this character and quit the game? (Confirm with "yes".)

# # # # # ######## #
###......# # #........#
# #.......)###### #
#..@.....'....# #
#........####.#
##############........#
#.#
.............###.##+###
#.# ############.# #..
#.# #..........# ###
#.# #.#####..### ####.#
#.# #..# #.###....#####
#.# #..#
#..............


There were no monsters in sight!

Vanquished Creatures
  An endoplasm (D:1)
  A goblin (D:1)
  2 hobgoblins (D:1)
  2 bats (D:1)
  A rat (D:1)
7 creatures vanquished.

Notes
Turn   | Place    | Note
-------+----------+-------------------------------------------
     0 | D:1      | Exodus22XD the Minotaur Fighter began the quest for the
                  | Orb.
     0 | D:1      | Reached XP level 1. HP: 19/19 MP: 0/0
   261 | D:1      | Found a faded altar of an unknown god.
   272 | D:1      | Prayed at the altar of an unknown god.
   272 | D:1      | Became a worshipper of Vehumet
   272 | D:1      | Reached * piety under Vehumet
   272 | D:1      | Offered knowledge of Shock by Vehumet.
   273 | D:1      | Quit the game

Illustrated notes

Levels and vault maps discovered:
D:1:      saegor_arrival_simple_c, layout_basic,
          ebering_ecumenical_altar_sacrificial

Action                   || total
-------------------------++-------
Melee: War axe           ||    19
       Headbutt          ||     1
Armor: Scale mail        ||    12
Dodge: Dodged            ||    16
Block: Buckler           ||     7
